 Dungeon Crawl Stone Soup version 0.30-a0-137-gd8773701ce (webtiles) character file.

Game seed: 2647105698165405384

63 greasedhog the Trooper (level 4, -12/30 HPs)
             Began as a Gargoyle Chaos Knight on Sept 21, 2022.
             Was a Plaything of Xom.
             Mangled by a moth of wrath (glowing shapeshifter) (19 damage)
             ... on level 2 of the Dungeon.
             The game lasted 00:01:42 (1643 turns).

greasedhog the Trooper (Gargoyle Chaos Knight)      Turns: 1643, Time: 00:01:43

Health: -12/30     AC: 10    Str: 18    XL:     4   Next: 9%
Magic:  4/4        EV: 11    Int: 12    God:    Xom [....*.]
Gold:   48         SH:  0    Dex:  9    Spells: 3/3 levels left

rFire   . . .      SeeInvis .    a - +1 mace (chaos)
rCold   . . .      Faith    .    (no shield)
rNeg    + . .      Spirit   .    b - +2 leather armour
rPois   ∞          Reflect  .    (no helmet)
rElec   +          Harm     .    (no cloak)
rCorr   .          Rampage  .    (no gloves)
Will    .....                    (no boots)
Stlth   +.........               (no amulet)
HPRegen 0.10/turn                (no ring)
MPRegen 0.09/turn                (no ring)

@: no status effects
A: sickness immunity, AC +3, negative energy resistance 1, electricity
resistance, torment resistance 1, petrification resistance, claws 1, iridescent
scales 1
a: Renounce Religion


You were on level 2 of the Dungeon.
You worshipped Xom.
You were a beloved toy of Xom.
You visited 1 branch of the dungeon, and saw 2 of its levels.

You collected 48 gold pieces.

Inventory:

Hand Weapons
 a - a +1 mace of chaos (weapon)
Armour
 b - a +2 leather armour (worn)
Jewellery
 d - a ring of wizardry
Potions
 g - a potion of brilliance {unknown}
Miscellaneous
 c - a piece from Xom's chessboard (15/15) (quivered)


   Skills:
 * Level 4.4 Fighting
 * Level 4.0 Maces & Flails
 - Level 2.1 Armour
 - Level 0.7 Dodging


You had 3 spell levels left.
You didn't know any spells.
Your spell library was empty.

Dungeon Overview and Level Annotations

Branches:
Dungeon (2/15)

Altars:

Shops:
D:1 [*


Innate Abilities, Weirdness & Mutations

You are immune to sickness and miasma.
Your stone body is resilient. (AC +3)
You are immune to poison.
You resist negative energy. (rN+)
You are resistant to electric shocks. (rElec)
You are resistant to unholy torment.
You are immune to petrification.
You have sharp fingernails.
You are partially covered in iridescent scales. (AC +2)


Message History

The gnoll closely misses you.
You miss the gnoll.
The gnoll is heavily wounded.
The gnoll hits you but does no damage.
You hit the gnoll. Lightning courses through the gnoll!
You kill the gnoll!
Your Maces & Flails skill increases to level 4!
You have reached level 4!
You feel stronger.
Things that are here:
a +0 whip; a gnoll corpse You start resting.
You are now a beloved toy of Xom.
There is a stone staircase leading down here.
You climb downwards.
There is a stone staircase leading up here.
The gnoll closely misses you. The gnoll hits you with a +0 spear.
You barely miss the gnoll. The gnoll hits you with a +0 spear.
You hit the gnoll but do no damage.
The gnoll changes into a glowing shapeshifter!
Xom thinks this is hilarious!
The glowing shapeshifter changes into a moth of wrath!
You hit the moth of wrath. You freeze the moth of wrath.
The moth of wrath is lightly wounded.
The moth of wrath misses you.
You sock the moth of wrath!
The moth of wrath is moderately wounded.
The moth of wrath closely misses you. The moth of wrath bites you!
Ouch! That really hurt!
* * * LOW HITPOINT WARNING * * *
You barely miss the moth of wrath.
The moth of wrath is lightly wounded.
The moth of wrath barely misses you.
You sock the moth of wrath!
The moth of wrath is moderately wounded.
The moth of wrath barely misses you. The moth of wrath bites you!!
Ouch! That really hurt!
You die...
Xom chuckles heartily!

#.........##... #.
###....######## #.
#(...# ####.######....#
...........#...
#......####### #......#
#......# ###
#..y@.<#####.#
###.##.......#
#.##.#####.######.#
#.####.###.####........#
#......######.#.########
#####..##.......#
#..##.###.#.#
#..##..###### #..###...#


You could see a moth of wrath shaped shifter.

Vanquished Creatures
  2 gnolls
  An adder (D:2)
  2 worms (D:2)
  3 bats (D:1)
  2 endoplasms (D:1)
  A giant cockroach (D:2)
  2 hobgoblins (D:1)
  A quokka (D:2)
  4 ball pythons
  A frilled lizard (D:1)
  6 goblins
  2 kobolds
  3 rats
30 creatures vanquished.

Vanquished Creatures (others)
  39 plants (D:2)
39 creatures vanquished.

Grand Total: 69 creatures vanquished

Notes
Turn   | Place    | Note
-------+----------+-------------------------------------------
     0 | D:1      | greasedhog the Gargoyle Chaos Knight began the quest for
                  | the Orb.
     0 | D:1      | Reached XP level 1. HP: 14/14 MP: 1/1
     9 | D:1      | XOM: divination: detect creatures
    48 | D:1      | Reached XP level 2. HP: 12/19 MP: 2/2
   224 | D:1      | Gained mutation: You do not regenerate when monsters are
                  | visible. [potion of mutation]
   224 | D:1      | Gained mutation: You have sharp fingernails. [potion of
                  | mutation]
   250 | D:1      | Found Seyn's Assorted Antiques.
   663 | D:1      | Found Xefuim's Armour Boutique.
   793 | D:1      | XOM: silly message
  1031 | D:2      | Reached XP level 3. HP: 22/24 MP: 3/3
  1082 | D:2      | XOM: stat loss: -1 Str (16/17)
  1092 | D:2      | XOM: give mutations
  1092 | D:2      | Lost mutation: You do not regenerate when monsters are
                  | visible. [Xom's mischief]
  1092 | D:2      | Gained mutation: You are partially covered in iridescent
                  | scales. (AC +2) [Xom's mischief]
  1371 | D:2      | XOM: summons 2 hostile demons
  1470 | D:1      | Reached XP level 4. HP: 11/30 MP: 4/4
  1639 | D:2      | a gnoll changed into a glowing shapeshifter
  1639 | D:2      | Noticed a glowing shapeshifter (glowing shapeshifter)
  1639 | D:2      | a glowing shapeshifter changed into a moth of wrath
  1639 | D:2      | Noticed a moth of wrath (glowing shapeshifter)
  1643 | D:2      | Mangled by a moth of wrath (glowing shapeshifter)

Illustrated notes

Levels and vault maps discovered:
D:1:      amcnicky_arrival_feature_with_door, layout_rooms, serial_shops,
          nicolae_diamond_shop, nicolae_shop_statue_plus
D:2:      layout_loops_ring, serial_bayou, serial_bayou_crossing,
          serial_bayou_ford_a, serial_bayou_pond_e, serial_bayou_lagoon_a,
          serial_bayou_lagoon_b, grunt_decor_fettered

Skill      XL: |  1  2  3 |
---------------+----------+-----
Fighting       | 4 |  4.4
Maces & Flails | 4 |  4.0
Armour         | |  2.1
Dodging        | |  0.7

Action                   |  1- 3 |  4- 6 || total
-------------------------+-------+-------++-------
Melee: Mace              |   102 |     6 ||   108
       Punch             |     2 |       ||     2
  Use: Scroll            |     5 |       ||     5
       Potion            |     1 |       ||     1
Armor: Leather armour    |    55 |       ||    55
Dodge: Dodged            |    62 |     5 ||    67

Table legend: (Time is in decaauts)
 A = Elapsed time spent in this place.
 B = Non-inter-level travel time spent in this place.
 C = Inter-level travel time spent in this place.
 D = Time resting spent in this place.
 E = Time spent auto-exploring this place.
 F = Levels seen in this place.
 G = Mean time per level.
                   A        B        C        D        E       F      G
               +--------+--------+--------+--------+--------+-----+--------+
         Total |   1668 |   1643 |     25 |    325 |   1065 |   2 |  834.0 |
       Dungeon |   1668 |   1643 |     25 |    325 |   1065 |   2 |  834.0 |
               +--------+--------+--------+--------+--------+-----+--------+

Top non-repeatable levels by time:
     D:1: 1190 daAuts
     D:2: 477 daAuts
